 Dungeon Crawl Stone Soup version 0.30-a0-4-ga7cffc901d (webtiles) character file.

Game seed: 2479894405725467889

252 Setbun the Slicer (level 6, -2/35 HPs)
             Began as a Kobold Brigand on Aug 21, 2022.
             Slain by a gnoll
             ... wielding a +0 flail
             ... led by a gnoll bouda
              (5 damage)
             ... on level 4 of the Dungeon.
             The game lasted 00:03:02 (3523 turns).

Setbun the Slicer (Kobold Brigand)                  Turns: 3523, Time: 00:03:02

Health: -2/35      AC:  5    Str:  8    XL:     6   Next: 36%
Magic:  6/6        EV: 14    Int: 13    God:
Gold:   130        SH:  0    Dex: 18    Spells: 5/5 levels left

rFire   . . .      SeeInvis .    l - +1 short sword (elec)
rCold   . . .      Faith    .    (no shield)
rNeg    . . .      Spirit   .    b - +0 robe
rPois   .          Reflect  .    q - +0 helmet
rElec   .          Harm     .    c - +0 cloak
rCorr   .          Rampage  .    (no gloves)
Will    .....                    h - +0 pair of boots
Stlth   ++++......               (no amulet)
HPRegen 0.11/turn                v - ring of wizardry
MPRegen 0.10/turn                (no ring)

@: weakened
A: small, no large weapons, nightstalker 3
a: no special abilities


You were on level 4 of the Dungeon.
You visited 1 branch of the dungeon, and saw 4 of its levels.

You collected 130 gold pieces.

Inventory:

Hand Weapons
 g - a +4 dagger
 l - a +1 short sword of electrocution (weapon)
 n - a +2 vampiric dagger
Missiles
 d - 17 poisoned darts (quivered)
 e - 3 curare-tipped darts
Armour
 b - a +0 robe (worn)
 c - a +0 cloak (worn)
 h - a +0 pair of boots (worn)
 q - a +0 helmet (worn)
Jewellery
 v - a ring of wizardry (left hand)
Scrolls
 f - 2 scrolls of magic mapping {unknown}
 j - 3 scrolls of immolation {unknown}
 m - 3 scrolls of identify {unknown}
 r - a scroll of noise {unknown}
 s - a scroll of fear {unknown}
 t - a scroll of amnesia {unknown}
 w - a scroll of blinking {unknown}
Potions
 a - a potion of heal wounds
 i - 2 potions of curing {unknown}
 k - a potion of mutation {unknown}
 o - a potion of magic {unknown}
 p - a potion of lignification {unknown}
 u - a potion of flight {unknown}


   Skills:
 - Level 2.1 Fighting
 * Level 8.3 Short Blades
 - Level 2.1 Throwing
 - Level 1.2 Dodging
 - Level 5.3 Stealth


You had 5 spell levels left.
You didn't know any spells.
Your spell library contained the following spells:

 Spells                   Type           Power      Damage    Failure   Level
 Beastly Appendage        Tmut           0%         N/A       12%         1
 Magic Dart               Conj           0%         1d3       12%         1
 Searing Ray              Conj           0%         2d4       19%         2
 Wereblood                Tmut           0%         N/A       19%         2
 Spider Form              Tmut/Pois      0%         N/A       34%         3
 Animate Dead             Necr           0%         N/A       73%         4
 Fulminant Prism          Conj/Hex       0%         3d6       73%         4
 Borgnjor's Vile Clutch   Necr/Erth      0%         N/A       96%         5
 Death Channel            Necr           0%         N/A       100%        6


Dungeon Overview and Level Annotations

Branches:
Dungeon (4/15)
 Temple: D:4-7

Altars:


Innate Abilities, Weirdness & Mutations

You are small and have problems with some larger weapons.
You are completely attuned to the shadows.


Message History

Okay, then.
You hit the gnoll bouda but do no damage.
The gnoll bouda is heavily wounded.
A goblin comes into view. It is wielding a +0 club.
The gnoll bouda gazes fiercely through you!
You feel as though you will be weak longer.
The gnoll bouda misses you. The gnoll closely misses you.
The goblin shouts!
You hit the gnoll bouda.
The gnoll bouda is heavily wounded.
The adder barely misses you.
You hit the gnoll bouda.
The gnoll bouda is severely wounded.
The gnoll hits you with a +0 flail.
The gnoll bouda hits you with a +0 whip.
The adder closely misses you.
You hit the gnoll bouda but do no damage.
Lightning courses through the gnoll bouda!
You kill the gnoll bouda!
The adder closely misses you. The gnoll hits you with a +0 flail!
Your Short Blades skill increases to level 8!
You hit the gnoll but do no damage. Lightning courses through the gnoll!!
You kill the gnoll!
The adder bites you. The gnoll closely misses you. The gnoll barely misses you.
Things that are here:
a +0 flail; a +0 whip; a +0 leather armour You hit the gnoll.
The gnoll is lightly wounded.
The gnoll hits you with a +0 flail.
You closely miss the gnoll.
The gnoll is lightly wounded.
The gnoll hits you with a +0 flail.
* * * LOW HITPOINT WARNING * * *
The gnoll hits you with a +0 flail.
* * * LOW HITPOINT WARNING * * *
You hit the gnoll but do no damage.
The gnoll is lightly wounded.
The gnoll hits you with a +0 flail.
You die...

≈ .≈#################
.....................
...###.##############
#.# #.# ....
~##.##S##. ####
≈~.g@gg....
#≈≈.##..... ##..
#..... #.# #..... ###
.. ###. ... ### # # #


You could see 2 gnolls, an adder and a goblin.

Vanquished Creatures
  A gnoll bouda (D:4)
  A jelly (D:3)
  An iguana (D:4)
  An orc wizard (D:3)
  Robin (D:2)
  3 gnolls
  4 dart slugs
  2 orcs (D:3)
  2 ball pythons (D:1)
  2 bats
  11 endoplasms
  2 giant cockroaches
  16 goblins
  8 hobgoblins
  6 jackals
  9 kobolds
  5 quokkas
  5 frilled lizards
  8 rats
88 creatures vanquished.

Vanquished Creatures (others)
  2 plants (D:1)
2 creatures vanquished.

Grand Total: 90 creatures vanquished

Notes
Turn   | Place    | Note
-------+----------+-------------------------------------------
     0 | D:1      | Setbun the Kobold Brigand began the quest for the Orb.
     0 | D:1      | Reached XP level 1. HP: 12/12 MP: 1/1
   134 | D:1      | Reached skill level 3 in Short Blades
   234 | D:1      | Reached XP level 2. HP: 17/17 MP: 2/2
   485 | D:1      | Reached skill level 4 in Short Blades
   485 | D:1      | Reached XP level 3. HP: 8/21 MP: 3/3
   906 | D:1      | Reached skill level 5 in Short Blades
  1252 | D:2      | Reached XP level 4. HP: 26/26 MP: 4/4
  1839 | D:2      | Noticed Robin
  1852 | D:2      | Killed Robin
  1853 | D:2      | Reached skill level 6 in Short Blades
  1867 | D:2      | HP: 1/26 [goblin/+0 dagger[Robin] (3)]
  2542 | D:2      | Reached XP level 5. HP: 30/30 MP: 5/5
  2914 | D:3      | Found a faded altar of an unknown god.
  2947 | D:3      | Reached skill level 7 in Short Blades
  3476 | D:4      | Reached XP level 6. HP: 35/35 MP: 6/6
  3519 | D:4      | Reached skill level 8 in Short Blades
  3523 | D:4      | Slain by a gnoll

Illustrated notes

Levels and vault maps discovered:
D:1:      dpeg_arrival_simpleton_a, layout_loops_ring, nicolae_grassy_gnolls
D:2:      kennysheep_the_goblin_king, layout_loops_ring, uniq_robin
D:3:      layout_loops_ring, nicolae_ecumenical_oubliette
D:4:      layout_basic, serial_rivers, chequers_serial_rivers_small_b,
          chequers_serial_rivers_marsh, chequers_serial_rivers_micro_e,
          chequers_serial_rivers_small_b, chequers_serial_rivers_room_b,
          uniq_crazy_yiuf_cottage, uniq_sigmund

Skill      XL: |  1  2  3  4  5  6 |
---------------+-------------------+-----
Short Blades   | 3 4 5 6 7 8 |  8.3
Fighting       | |  2.1
Throwing       | |  2.1
Dodging        | |  1.2
Stealth        | |  5.3

Action                   |  1- 3 |  4- 6 || total
-------------------------+-------+-------++-------
Melee: Dagger            |    76 |     3 ||    79
       Short sword       |       |   123 ||   123
       Punch             |       |     2 ||     2
  Use: Potion            |       |     1 ||     1
 Stab: Sleeping          |    17 |    21 ||    38
Armor: Robe              |     8 |    23 ||    31
Dodge: Dodged            |    26 |    98 ||   124

Table legend: (Time is in decaauts)
 A = Elapsed time spent in this place.
 B = Non-inter-level travel time spent in this place.
 C = Inter-level travel time spent in this place.
 D = Time resting spent in this place.
 E = Time spent auto-exploring this place.
 F = Levels seen in this place.
 G = Mean time per level.
                   A        B        C        D        E       F      G
               +--------+--------+--------+--------+--------+-----+--------+
         Total |   3476 |   3438 |     38 |    538 |   2445 |   4 |  869.0 |
       Dungeon |   3476 |   3438 |     38 |    538 |   2445 |   4 |  869.0 |
               +--------+--------+--------+--------+--------+-----+--------+

Top non-repeatable levels by time:
     D:2: 1378 daAuts
     D:1: 1205 daAuts
     D:3: 816 daAuts
     D:4: 75 daAuts
